[Event "Masters Tournament (MTO)"]
[Site "Biel, Switzerland"]
[Date "2026.07.23"]
[Round "10.1"]
[White "Kozak, Adam"]
[Black "Gloeckler, Christian"]
[Result "1-0"]
[TimeControl "100+30+30sec/move"]
[WhiteTitle "-"]
[BlackTitle "-"]
[WhiteFideId "753246"]
[BlackFideId "34608966"]
[WhiteElo "2531"]
[BlackElo "2506"]

1. c4 Nf6 2. Nc3 e6 3. e4 c5 4. e5 Ng8 5. d4 cxd4 6. Qxd4 Nc6 7. Qf4 d6 8. Nf3 Nh6 9. Bd2 dxe5 10.
Nxe5 Bd6 11. Nxc6 Bxf4 12. Nxd8 Bxd2+ 13. Kxd2 Kxd8 14. Rg1 Bd7 15. g4 Kc7 16. Bd3 Rad8 17. Ke3 Bc6 18. Rad1 Rhe8 19.
g5 Ng8 20. Bxh7 Rxd1 21. Rxd1 Ne7 22. Be4 Rh8 23. Bxc6 Kxc6 24. Nb5 Nf5+ 25. Kf3 Kb6 26. Nd4 Ne7 27. Kg2 Ng6 28. Nf3 e5 29.
Kg3 Kc7 30. h4 e4 31. Nd4 Rxh4 32. Nb5+ Kb6 33. b4 Ka6 34. Rd6+ b6 35. Rd7 Rg4+ 36. Kh2 Rh4+ 37. Kg1 Rg4+ 38.
Kf1 1-0

[Event "Masters Tournament (MTO)"]
[Site "Biel, Switzerland"]
[Date "2026.07.23"]
[Round "10.2"]
[White "Acs, Peter"]
[Black "Cao, Qingfeng"]
[Result "0-1"]
[TimeControl "100+30+30sec/move"]
[WhiteTitle "-"]
[BlackTitle "-"]
[WhiteFideId "708020"]
[BlackFideId "8627568"]
[WhiteElo "2561"]
[BlackElo "2365"]

1. e4 c6 2. d4 d5 3. e5 Bf5 4. h4 h5 5. c4 e6 6. Nc3 Ne7 7. Nge2 Nd7 8. Ng3 Bg6 9. a3 Nf5 10.
Nxf5 Bxf5 11. cxd5 cxd5 12. Bd3 Bxd3 13. Qxd3 Be7 14. g3 a6 15. Kf1 Rc8 16. Kg2 Nb8 17. Ne2 Nc6 18. Bd2 g6 19.
Rac1 Qb6 20. b4 Kd7 21. Qf3 Rcf8 22. Bg5 Bxg5 23. hxg5 Ne7 24. Qf6 Rc8 25. Rxc8 Re8 26. Rd8+ Rxd8 27. Qxf7 Rc8 28. Rf1 Rc2 29. Re1 h4 30. gxh4 Rxe2 31. Rxe2 Qxd4 32. Qf3 Nf5 33. Qh3 Qf4 34. b5 Nxh4+ 35. Kf1 Qc1+ 36. Re1 Qc4+ 37.
Kg1 axb5 38. Re3 d4 39. Rd3 Nf5 40. Rd1 Kc6 41. Qf3+ Kb6 42. Rb1 Ka6 43. Kh2 Qc2 44. Rb4 Qd2 45.
Rb1 Qc2 46. Rb3 Qc7 47. Qe2 Qc4 48. Rd3 Ka7 49. Rd2 Qc1 50. f4 Kb8 51. Qd3 Ne3 52. Re2 Nf5 53. Rf2 Qc4 54. Rd2 Qc1 55.
Rf2 Qe1 56. Qd2 Qe4 57. Qa5 Qd5 58. Rc2 Qd7 59. Qb4 Qh7+ 60. Kg1 Qh3 61. Qf8+ Ka7 62. Qc5+ Ka6 63. Qc8 Qe3+ 64. Rf2 d3 65.
Qa8+ Kb6 66. Qd8+ Kc5 67. Qc7+ Kd4 68. Qb6+ Kc4 69. Qc7+ Kb3 70. Qxb7 Nd4 71. Qe7 Ne2+ 72. Kf1 Qc1+ 73.
Kg2 Qg1+ 74. Kf3 Qg3 75. Ke4 Nc3+ 76. Kd4 Qxf2+ 77. Kxd3 Qe2 78. Kd4 Qc4+ 79. Ke3 Nd5 0-1

[Event "Masters Tournament (MTO)"]
[Site "Biel, Switzerland"]
[Date "2026.07.23"]
[Round "10.3"]
[White "Aronyak, Ghosh"]
[Black "Ghosh, Diptayan"]
[Result "1/2-1/2"]
[TimeControl "100+30+30sec/move"]
[WhiteTitle "-"]
[BlackTitle "-"]
[WhiteFideId "25072846"]
[BlackFideId "5045207"]
[WhiteElo "2549"]
[BlackElo "2554"]

1. Nf3 d5 2. g3 Nf6 3. Bg2 e6 4. O-O Be7 5. d4 O-O 6. c4 a5 7. b3 a4 8. Ba3 axb3 9. axb3 c5 10.
Nc3 cxd4 11. Bxe7 Rxa1 12. Bxd8 Rxd1 13. Rxd1 Rxd8 14. Nxd4 dxc4 15. bxc4 1/2-1/2

[Event "Masters Tournament (MTO)"]
[Site "Biel, Switzerland"]
[Date "2026.07.23"]
[Round "10.4"]
[White "Shukhman, Anna"]
[Black "Gopal, G.N."]
[Result "1/2-1/2"]
[TimeControl "100+30+30sec/move"]
[WhiteTitle "-"]
[BlackTitle "-"]
[WhiteFideId "54180058"]
[BlackFideId "5015693"]
[WhiteElo "2443"]
[BlackElo "2529"]

1. e4 c5 2. Nf3 d6 3.
d4 cxd4 4. Nxd4 Nf6 5. Nc3 a6 6. Be2 e5 7. Nb3 Be7 8. Be3 Be6 9. Nd5 Nbd7 10. Qd3 O-O 11. O-O-O Bxd5 12. exd5 Nb6 13.
Bf3 Nfd7 14. Be4 Nf6 15. Kb1 Nxe4 16. Qxe4 Qc7 17. g4 Nc4 18. Bc1 b5 19. Rd3 Qd7 20. Rf3 Rac8 21. Rg1 a5 22.
Rgg3 a4 23. Rh3 g6 24. Nd2 Bg5 25. Nf1 f6 26. Bxg5 fxg5 27. Rxf8+ Rxf8 28. Rf3 Rf4 29. Rxf4 gxf4 30. b3 Nb6 31.
h3 Qc7 32. Qf3 Qc5 33. Nd2 Nxd5 34. Ne4 Qd4 35. Kc1 a3 36. c3 Nxc3 37. Nxc3 e4 38. Nxe4 Qa1+ 39. Kc2 Qxa2+ 40. Kc3 Qb2+ 41. Kb4 a2 42. Nc3 a1=Q 43. Qd5+ Kg7 44. Qb7+ Kh6 45.
g5+ Kxg5 46. Qe7+ Kh6 47. Qh4+ Kg7 48. Qe7+ 1/2-1/2

[Event "Masters Tournament (MTO)"]
[Site "Biel, Switzerland"]
[Date "2026.07.23"]
[Round "10.5"]
[White "Elmi, Saad Abobaker"]
[Black "Sasikiran, Krishnan"]
[Result "1-0"]
[TimeControl "100+30+30sec/move"]
[WhiteTitle "-"]
[BlackTitle "-"]
[WhiteFideId "1553259"]
[BlackFideId "5004985"]
[WhiteElo "2399"]
[BlackElo "2546"]

1. e4 e5 2. Nc3 Nf6 3. d4 d6 4. Nf3 Nbd7 5. Rg1 g6 6. g4 Bg7 7. g5 Nh5 8. Be3 O-O 9. Qd2 Nb6 10.
a4 Be6 11. b3 c6 12. O-O-O Qc7 13. Kb1 Rfd8 14. a5 Nc8 15. dxe5 Qxa5 16. Na4 Qc7 17. Nc5 Bd7 18. exd6 Nxd6 19.
e5 Ne4 20. Nxe4 Bg4 21. Qe2 Bxf3 22. Rxd8+ Rxd8 23. Qxf3 Qxe5 24. c3 b5 25. Bc1 Qd5 26. Kc2 Re8 27. Bd3 a5 28. Bb2 a4 29.
bxa4 bxa4 30. Nd2 Qa5 31. Bc4 Rb8 32. Ba3 Kh8 33. Ne4 Be5 34. Qxf7 Bxh2 35. Bf8 1-0

[Event "Masters Tournament (MTO)"]
[Site "Biel, Switzerland"]
[Date "2026.07.23"]
[Round "10.6"]
[White "Alexakis, Dimitris"]
[Black "Baenziger, Fabian"]
[Result "1-0"]
[TimeControl "100+30+30sec/move"]
[WhiteTitle "-"]
[BlackTitle "-"]
[WhiteFideId "4277023"]
[BlackFideId "1330110"]
[WhiteElo "2525"]
[BlackElo "2435"]

1. e4 c5 2. Nf3 d6 3. d4 cxd4 4. Nxd4 Nf6 5. Nc3 a6 6. h3 e5 7. Nde2 h5 8. Be3 Be6 9. Nd5 Nbd7 10.
Nec3 Rc8 11. Be2 Bxd5 12. Nxd5 Nxe4 13. Bf3 Ng5 14. Bxh5 g6 15. Be2 Bg7 16. c3 Ne6 17. Qd2 f5 18.
O-O-O f4 19. Qc2 Kf7 20. Bg4 fxe3 21. Bxe6+ Kxe6 22. Qxg6+ Nf6 23. Qxg7 Nxd5 24. Qg4+ Ke7 25. Rxd5 Qg8 26.
Qe4 exf2 27. Rf1 Rf8 28. Rd2 Qxa2 29. Qxb7+ Ke6 30. Rxd6+ Kxd6 31. Rd1+ Kc5 32. Qb4+ 1-0

[Event "Masters Tournament (MTO)"]
[Site "Biel, Switzerland"]
[Date "2026.07.23"]
[Round "10.7"]
[White "Savitha, Shri B"]
[Black "Dong, Hongfu"]
[Result "1-0"]
[TimeControl "100+30+30sec/move"]
[WhiteTitle "-"]
[BlackTitle "-"]
[WhiteFideId "35061887"]
[BlackFideId "8626960"]
[WhiteElo "2368"]
[BlackElo "2353"]

1. e4 c5 2. Nf3 e6 3. d4 cxd4 4. Nxd4 a6 5. Bd3 Bc5 6. Nb3 Ba7 7. Bf4 Nc6 8. Bd6 Bb8 9. Bxb8 Rxb8 10.
Qg4 Qf6 11. Nc3 Nge7 12. f4 e5 13. O-O d6 14. Qg3 Qg6 15. Qh4 Qg4 16. Qxg4 Bxg4 17. f5 f6 18. Bc4 b5 19. Be6 Nd8 20.
Bd5 Rc8 21. Rf2 b4 22. Na4 Nxd5 23. exd5 Rb8 24. a3 O-O 25. axb4 Rxb4 26. Nc3 Rb6 27. Na5 Rb4 28. b3 Rf4 29.
Rxf4 exf4 30. Nc6 Re8 31. Rxa6 Nb7 32.
Nd4 Nc5 33. Rxd6 Re3 34. Rd8+ Kf7 35. Ncb5 g6 36. Nd6+ Kg7 37. h3 Re1+ 38. Kf2 Rd1 39. Ne6+ Nxe6 40. dxe6 Rd2+ 41. Kg1 Rd1+ 42.
Kh2 Bh5 43. e7 1-0

[Event "Masters Tournament (MTO)"]
[Site "Biel, Switzerland"]
[Date "2026.07.23"]
[Round "10.8"]
[White "Kukushkin, Ivan"]
[Black "Ganguly, Surya Shekhar"]
[Result "1/2-1/2"]
[TimeControl "100+30+30sec/move"]
[WhiteTitle "-"]
[BlackTitle "-"]
[WhiteFideId "11634103"]
[BlackFideId "5002150"]
[WhiteElo "2257"]
[BlackElo "2578"]

1. e4 c6 2. d4 d5 3. e5 c5 4. dxc5 e6 5. Be3 Nc6 6. Nf3 Nh6 7. c3 Bd7 8. Bd3 g6 9. O-O Qc7 10.
Na3 a6 11. Re1 Nf5 12. Bd4 Nfxd4 13. cxd4 b6 14. cxb6 Qxb6 15. Nc2 Qxb2 16. Rb1 Qc3 1/2-1/2

[Event "Masters Tournament (MTO)"]
[Site "Biel, Switzerland"]
[Date "2026.07.23"]
[Round "10.9"]
[White "Lu, Miaoyi"]
[Black "Matsumura, Cocoro"]
[Result "1-0"]
[TimeControl "100+30+30sec/move"]
[WhiteTitle "-"]
[BlackTitle "-"]
[WhiteFideId "8618020"]
[BlackFideId "36087114"]
[WhiteElo "2392"]
[BlackElo "2225"]

1. e4 c5 2. Nf3 d6 3. d4 cxd4 4. Nxd4 Nf6 5. Nc3 Nc6 6. Bg5 Bd7 7. Nxc6 Bxc6 8. Qe2 Qa5 9. Bd2 Qc7 10.
O-O-O h6 11. Nb5 Qd7 12. e5 Ne4 13. Be3 a6 14. e6 fxe6 15. Qh5+ Kd8 16. Bb6+ Kc8 17. Nc7 Rb8 18. Bc4 Nf6 19. Qf7 d5 20. Nxe6 Qd6 21.
Nxf8 e5 22. Ng6 Be8 23. Qxg7 Rh7 24. Qf8 Qxb6 25. Ne7+ Rxe7 26. Qxe7 Qc6 27. Qxe5 Qxc4 28. Qxf6 Qxa2 29. b3 Bc6 30.
Rhe1 1-0

[Event "Masters Tournament (MTO)"]
[Site "Biel, Switzerland"]
[Date "2026.07.23"]
[Round "10.10"]
[White "Georgescu, Lena"]
[Black "Haimovich, Tal"]
[Result "1/2-1/2"]
[TimeControl "100+30+30sec/move"]
[WhiteTitle "-"]
[BlackTitle "-"]
[WhiteFideId "1331973"]
[BlackFideId "2801698"]
[WhiteElo "2253"]
[BlackElo "2310"]

1. e4 d5 2. exd5 Qxd5 3. Nc3 Qd8 4. d4 Nf6 5. Nf3 e6 6. Bc4 a6 7. a4 Nc6 8. O-O Be7 9. Re1 O-O 10.
h3 Nb4 11. Ne2 b6 12. c3 Nbd5 13. Ng3 Bb7 14. Qe2 Re8 15. Ne5 Bf8 16. Bd3 Qc8 17. Nh5 g6 18. Nxf6+ Nxf6 19. Bg5 Bg7 20.
Qd2 Rf8 21. Rad1 Qe8 22. Bc2 b5 23. a5 Kh8 24. h4 Nd5 25. Nd3 Qc6 26. f3 Rae8 27. h5 Kg8 28. hxg6 fxg6 29. Re2 Qd6 30.
Rde1 Bc8 31. Bb3 Rf5 32. Nc5 c6 33. Bxd5 Qxd5 34. Bh6 Bf6 35. Nd3 Qd8 36. Bf4 Qxa5 37. b4 Qd8 38. Be5 Bg5 39.
f4 Be7 40. g4 Rf7 41. Nc5 Qd5 42. g5 a5 43. Rh2 Bxc5 44. bxc5 Qf3 45. Re3 Qg4+ 46. Kh1 Rxf4 47. Bxf4 Qxf4 48.
Qf2 Qxf2 49. Rxf2 a4 50. Kg2 Bd7 51. Kg3 Ra8 52. Kf4 Rf8+ 53. Kg3 Ra8 54. Ree2 e5 55. Rxe5 a3 56. Ree2 1/2-1/2

[Event "Masters Tournament (MTO)"]
[Site "Biel, Switzerland"]
[Date "2026.07.23"]
[Round "10.11"]
[White "Liu, Bei"]
[Black "Balabayeva, Xeniya"]
[Result "1/2-1/2"]
[TimeControl "100+30+30sec/move"]
[WhiteTitle "-"]
[BlackTitle "-"]
[WhiteFideId "8603596"]
[BlackFideId "13719688"]
[WhiteElo "2175"]
[BlackElo "2302"]

1. e4 e5 2. Nf3 Nc6 3. Bc4 Nf6 4. d3 Be7 5. O-O O-O 6. Nc3 d6 7. a4 a5 8. h3 Be6 9. Nd5 Nb4 10.
Ne3 h6 11. c3 Na6 12. Bxe6 fxe6 13. Nc4 b6 14. Re1 Qe8 15. d4 d5 16. Ncxe5 Nxe4 17. Nd2 Nxf2 18. Qe2 Bd6 19. Nef3 Ne4 20.
Nxe4 dxe4 21. Qxe4 Rf6 22. b3 Rd8 23. Bb2 Qh5 24. Ba3 Qd5 25. Qe2 Nb8 26. c4 Qh5 27. Bb2 Rg6 28. Qe4 Rf8 29.
Rf1 Rgf6 30. Rae1 Nd7 31. Kh1 Qf7 32. Qe2 Qg6 33. c5 Bg3 34. Rd1 Rf5 35. c6 Nb8 36. Ba3 R8f6 37. Rc1 Qh5 38.
Rc3 g5 39. Rd1 Qf7 40. Rcc1 Bf4 41. Ne5 Qe8 42. Rc3 h5 43. Kg1 g4 44. hxg4 hxg4 45. Bc1 Qh5 46. Qxg4+ Qxg4 47. Nxg4 Rg6 48.
Bxf4 Rxf4 49. Ne5 Rg5 50. Rdd3 Kg7 51. Rg3 Rxg3 52. Rxg3+ Kf6 53. Rd3 Na6 54. g3 Rf5 55. g4 Rf4 56.
Kg2 Nb4 57. Rd2 Kg5 58. Kg3 Re4 59. Nf3+ Kg6 60. Ne5+ Kg5 61. Kf3 Re1 62. Rh2 Nd5 63. Rh5+ Kf6 64. Rh6+ Kg7 65. Rxe6 Re3+ 66.
Kf2 Re4 67. Re8 Rxd4 68. Rd8 Kf6 69. Nf3 Rd1 70. Rd7 Ke6 71. g5 Kf5 72. Rf7+ Kg6 73. Ne5+ Kxg5 74. Nc4 Rd3 75. Rd7 Kf6 76.
Nxb6 cxb6 77. c7 Rc3 78. Rxd5 Rxc7 79. Rd6+ Ke5 80. Rxb6 Kd4 81. Ke2 Kc3 82. Rb5 Re7+ 83. Kd1 Re4 84. Rb8 Re6 85. Rb7 Re5 86. Rb5 Re4 87. Rxa5 Kxb3 88. Ra8 Rxa4 89.
Rxa4 Kxa4 1/2-1/2

[Event "Masters Tournament (MTO)"]
[Site "Biel, Switzerland"]
[Date "2026.07.23"]
[Round "10.12"]
[White "Yasaswi, Krishna Bommi"]
[Black "Ashwath, Kaushik"]
[Result "0-1"]
[TimeControl "100+30+30sec/move"]
[WhiteTitle "-"]
[BlackTitle "-"]
[WhiteFideId "33368783"]
[BlackFideId "33387230"]
[WhiteElo "2085"]
[BlackElo "2278"]

1. d4 e6 2. Bf4 c5 3. e3 Qb6 4. Nc3 a6 5. Nf3 d5 6. dxc5 Bxc5 7. Na4 Qa5+ 8. c3 Be7 9. b4 Qd8 10.
Be2 Nc6 11. O-O Nf6 12. h3 O-O 13. Qb3 Ne4 14. Rfd1 b5 15. Nb2 Bf6 16. Rac1 Qb6 17. Bd3 e5 18. Bh2 Be6 19. Qc2 Nd6 20.
Bxh7+ Kh8 21. Bd3 a5 22. a3 axb4 23. axb4 Rfd8 24. e4 d4 25. Qe2 dxc3 26. Rxc3 Nxb4 27. Bb1 Nc4 28. Rdc1 Nc6 29.
Bd3 Ra2 30. Bxc4 bxc4 31. R1c2 Rxb2 32. Bxe5 Rxc2 33. Rxc2 Nxe5 34. Nxe5 Bxe5 0-1

[Event "Masters Tournament (MTO)"]
[Site "Biel, Switzerland"]
[Date "2026.07.23"]
[Round "10.13"]
[White "Erne, Raphael"]
[Black "Cherniaev, Alexander"]
[Result "0-1"]
[TimeControl "100+30+30sec/move"]
[WhiteTitle "-"]
[BlackTitle "-"]
[WhiteFideId "1341928"]
[BlackFideId "4117301"]
[WhiteElo "2166"]
[BlackElo "2275"]

1. c4 e6 2. g3 d5 3. Bg2 g6 4. d4 Bg7 5. Nf3 Ne7 6. O-O Nbc6 7. e3 O-O 8. Nc3 b6 9. cxd5 exd5 10.
Re1 a5 11. b3 Ba6 12. a3 Bc8 13. Bb2 h6 14. Rc1 Be6 15. Nb5 Qd7 16. a4 Rfc8 17. e4 dxe4 18. Rxe4 Rab8 19. Rxe6 fxe6 20.
Qe2 Nd5 21. Nh4 Nce7 22. Bh3 Kf7 23. Re1 Nf5 24. Qg4 Nde7 25. d5 Qxd5 26. Rd1 Qxb3 27. Bxg7 Kxg7 28. Nd4 Nxd4 29. Qxd4+ Kh7 30. Re1 Qb4 31. Qe5 Rg8 32.
Bxe6 Rg7 33. Nf3 Rf8 34. Kg2 Nc6 35. Qe3 Re7 0-1

[Event "Masters Tournament (MTO)"]
[Site "Biel, Switzerland"]
[Date "2026.07.23"]
[Round "10.14"]
[White "Pleschke, Julius Jonas"]
[Black "Ivana Maria, Furtado"]
[Result "1-0"]
[TimeControl "100+30+30sec/move"]
[WhiteTitle "-"]
[BlackTitle "-"]
[WhiteFideId "54734258"]
[BlackFideId "5048400"]
[WhiteElo "2280"]
[BlackElo "2182"]

1. Nf3 d5 2. e3 Nf6 3. c4 e6 4. Nc3 Be7 5. b3 O-O 6. Bb2 b6 7. cxd5 exd5 8. g3 c5 9. Bg2 Nc6 10.
O-O Ba6 11. Ne2 b5 12. a3 Qb6 13. d3 Rad8 14. Qc2 b4 15. Nf4 bxa3 16. Bxa3 h6 17. Rfc1 g5 18. Bxc5 Bxc5 19. Qxc5 Qxc5 20.
Rxc5 Nb4 21. Ne2 Bxd3 22. Ned4 Rc8 23. Rxc8 Rxc8 24. Ne5 Rc7 25. Nxd3 Nxd3 26. Bf1 Rc1 27. Rxc1 Nxc1 28. b4 Kf8 29.
Nc6 Ke8 30. Nxa7 Kd7 31. b5 Kc7 32. Nc6 Ne4 33. Ne7 Nc3 34. g4 N1e2+ 35. Bxe2 Nxe2+ 36. Kf1 Nc3 37. Ng8 Nxb5 38. Nxh6 Nd6 39. Ng8 Ne8 40. Ne7 Kd6 41.
Nf5+ Ke6 42. h3 f6 43. Ke2 Ke5 44. Kd3 Nc7 45. Nd4 Na6 46. f4+ Kd6 47. Nb3 Nc7 48. Ke2 Nb5 49. Kf3 Nc3 50.
Nd4 Ne4 51. Nf5+ Kc5 52. Ng3 Nc3 53. e4 gxf4 54. Kxf4 d4 55. h4 d3 56. Nf1 Kd4 57. h5 Nxe4 58. h6 Ng5 59. Kf5 Ne4 60.
h7 Ng3+ 61. Nxg3 d2 62. h8=Q d1=Q 63. Qd8+ Ke3 64. Qxd1 1-0

[Event "Masters Tournament (MTO)"]
[Site "Biel, Switzerland"]
[Date "2026.07.23"]
[Round "10.15"]
[White "Nguyen, Thi Mai Hung"]
[Black "Ling, Chenxuan"]
[Result "1-0"]
[TimeControl "100+30+30sec/move"]
[WhiteTitle "-"]
[BlackTitle "-"]
[WhiteFideId "12401676"]
[BlackFideId "30983118"]
[WhiteElo "2260"]
[BlackElo "2166"]

1. d4 Nf6 2. Nf3 d5 3. c4 e6 4. Nc3 Bb4 5. e3 O-O 6. Bd3 c5 7. O-O Nc6 8. a3 Bxc3 9. bxc3 dxc4 10.
Bxc4 Qc7 11. Qe2 e5 12. h3 h6 13. Ba2 Rd8 14. Bb2 Qe7 15. Rfd1 cxd4 16. cxd4 e4 17. Ne5 Be6 18. Nxc6 bxc6 19.
Rdc1 Bxa2 20. Rxa2 Qe6 21. Bc3 Rd5 22. Bb4 Rg5 23. Kh1 Rh5 24. Rac2 c5 25. Rxc5 Rh4 26. Kg1 Nd5 27. Qc4 Rh5 28.
Rc8+ Rxc8 29. Qxc8+ Qxc8 30. Rxc8+ Kh7 31. Bc5 a6 32. Rc6 f5 33. Rxa6 f4 34. Re6 fxe3 35. fxe3 Nxe3 36. Rxe4 Nd5 37. Re5 Rxe5 38. dxe5 Kg6 39. e6 1-0

[Event "Masters Tournament (MTO)"]
[Site "Biel, Switzerland"]
[Date "2026.07.23"]
[Round "10.16"]
[White "Joly, Julien"]
[Black "Dai, Wenzhi"]
[Result "1/2-1/2"]
[TimeControl "100+30+30sec/move"]
[WhiteTitle "-"]
[BlackTitle "-"]
[WhiteFideId "26082284"]
[BlackFideId "8608369"]
[WhiteElo "2257"]
[BlackElo "2126"]

1. e4 e5 2. Nf3 Nf6 3. d4 Nxe4 4. Bd3 d5 5. Nxe5 Nd7 6. Nc3 Nxc3 7. bxc3 Nxe5 8. dxe5 Bc5 9. O-O c6 10.
Rb1 Qe7 11. Qh5 h6 12. a4 Be6 13. a5 O-O-O 14. Qe2 Qh4 15. Be3 Bxe3 16. Qxe3 d4 17. cxd4 Qxd4 18. Qf3 Bd5 19. Bf5+ Kb8 20.
Qg3 Ka8 21. Rfd1 Qc5 22. a6 b5 23. Bd3 g5 24. Re1 Rb8 25.
Qg4 h5 26. Qf5 g4 27. Re3 Rb6 28. e6 fxe6 29. Rxe6 h4 30. Rbe1 Rbb8 31. Qe5 Rhf8 32. Re3 Qb6 33. Rg6 h3 34. Rxg4 hxg2 35. Be4 Bxe4 36. Qxe4 Qxa6 37. Kxg2 1/2-1/2

[Event "Masters Tournament (MTO)"]
[Site "Biel, Switzerland"]
[Date "2026.07.23"]
[Round "10.17"]
[White "Dauth, Benjamin"]
[Black "Coban, Ege"]
[Result "1-0"]
[TimeControl "100+30+30sec/move"]
[WhiteTitle "-"]
[BlackTitle "-"]
[WhiteFideId "4688104"]
[BlackFideId "26320304"]
[WhiteElo "2247"]
[BlackElo "1986"]

1. e4 c5 2. Nf3 g6 3. d4 cxd4 4.
Nxd4 Nc6 5. c4 Nf6 6. Nc3 d6 7. Be2 Bg7 8. O-O O-O 9. Be3 Bd7 10. h3 Nxd4 11. Bxd4 a5 12. b3 Bc6 13.
f3 Nd7 14. Kh1 Nc5 15. Qd2 b6 16. Rad1 Rc8 17. Bxg7 Kxg7 18. Qe3 e5 19. Rd2 Qe7 20. Rfd1 Rcd8 21. Nd5 Bxd5 22. Rxd5 f5 23. exf5 Rxf5 24. Bd3 Rh5 25. Bf1 Rf5 26. Bd3 Rh5 27. Kh2 Ne6 28. Bf1 Nf4 29. Rb5 Rf5 30. Qxb6 Qh4 31.
g3 Qg5 32. Qf2 Ne6 33. Bd3 Rf6 34. Be4 Qh5 35. Qg2 Ng5 36. Rd2 Rxf3 37. Rxe5 dxe5 38. Rxd8 Re3 39. Qf1 Re2+ 40. Kh1 Qxh3+ 41. Qxh3 Nxh3 42. Bg2 Nf2+ 43. Kg1 e4 44. c5 e3 45. Kf1 Rc2 46. c6 Ng4 47. Be4 Rc3 48. Rd7+ Kf6 49. c7 Ke6 50.
Rxh7 Nf6 51. Rh4 g5 52. Bf5+ Kd6 53. Rh6 Kxc7 54. Rxf6 e2+ 55. Kxe2 Rxg3 56. Kf2 Rc3 57. Ra6 Rc5 58.
Be4 Re5 59. Ke3 Rb5 60. Bd3 Re5+ 61. Kd4 Re8 62. Rxa5 Rg8 63. Ra7+ Kb6 64. Ra6+ Kb7 65. Rg6 Rd8+ 66. Kc3 Rc8+ 67.
Kb4 Rd8 68. Be4+ Ka7 69. Kc5 g4 70. Rg7+ Ka6 71. Rxg4 Rd7 72. Bc6 1-0

[Event "Masters Tournament (MTO)"]
[Site "Biel, Switzerland"]
[Date "2026.07.23"]
[Round "10.18"]
[White "Kunz, Andre"]
[Black "Hasenohr, Benedict"]
[Result "0-1"]
[TimeControl "100+30+30sec/move"]
[WhiteTitle "-"]
[BlackTitle "-"]
[WhiteFideId "24623652"]
[BlackFideId "1303309"]
[WhiteElo "2116"]
[BlackElo "2247"]

1. e4 e6 2. d4 d5 3. Nc3 Nf6 4. Bg5 dxe4 5. Nxe4 Nbd7 6. Nf3 h6 7. Bxf6 Nxf6 8. Qd3 Be7 9. O-O-O Nxe4 10.
Qxe4 Qd5 11. Bd3 Qxa2 12. Bb5+ c6 13. Bxc6+ Kf8 14. Bxb7 Rb8 15. Bxc8 Qxb2+ 16. Kd2 Rxc8 17. Rc1 Bb4+ 18.
Ke2 f5 19. Qb7 Rxc2+ 20. Rxc2 Qxc2+ 21. Ke3 Qb3+ 22. Ke2 Kg8 23. Rd1 Kh7 24. Qxa7 Rc8 25. Qa1 Qc4+ 26. Rd3 Qc2+ 27. Nd2 Bxd2 28.
Rxd2 Qe4+ 29. Kf1 Qf4 30. Qd1 Qxh2 31. f3 Rc1 0-1

[Event "Masters Tournament (MTO)"]
[Site "Biel, Switzerland"]
[Date "2026.07.23"]
[Round "10.19"]
[White "Stefan, Iulia-Cristiana"]
[Black "Cervelli, Eduard"]
[Result "1/2-1/2"]
[TimeControl "100+30+30sec/move"]
[WhiteTitle "-"]
[BlackTitle "-"]
[WhiteFideId "1273876"]
[BlackFideId "1351800"]
[WhiteElo "2053"]
[BlackElo "2197"]

1. d4 Nf6 2. Nf3 g6 3. c4 Bg7 4. g3 O-O 5. Bg2 d6 6. Nc3 Nbd7 7. O-O e5 8. e4 exd4 9. Nxd4 Re8 10.
Be3 Nc5 11. f3 c6 12. Qc2 a5 13. Bf2 h5 14. Rad1 Qe7 15. h3 Ne6 16. Nde2 Bh6 17. Qd3 Rd8 18. f4 Rd7 19. Qf3 Bg7 20.
Na4 Ra6 21. Nb6 Rd8 22. Qd3 c5 23. Nxc8 Rxc8 24. f5 Nf8 25. Nc3 g5 26. Nb5 Ne8 27. Qe2 Nf6 28. Qd2 Ne8 29. Be3 Nh7 30.
Qe2 1/2-1/2

[Event "Masters Tournament (MTO)"]
[Site "Biel, Switzerland"]
[Date "2026.07.23"]
[Round "10.20"]
[White "Kudryavtsev, Eugene"]
[Black "Iafelice, Vincenzo"]
[Result "1-0"]
[TimeControl "100+30+30sec/move"]
[WhiteTitle "-"]
[BlackTitle "-"]
[WhiteFideId "1315374"]
[BlackFideId "810541"]
[WhiteElo "2146"]
[BlackElo "2086"]

1. d4 Nf6 2. c4 e6 3. Nc3 d5 4. cxd5 exd5 5. Nf3 c6 6. Qc2 Be7 7. Bf4 O-O 8. e3 Re8 9. Bd3 Nbd7 10.
h3 Nf8 11. O-O-O Be6 12. Ng5 Bd7 13.
Be5 h6 14. Nf3 b5 15. g4 b4 16. Na4 Qa5 17. Kb1 Ne4 18. Rc1 Rac8 19. Nc5 Nxc5 20. dxc5 Ne6 21. g5 Nxg5 22. Nxg5 hxg5 23.
f4 Qd8 24. Qe2 Bf6 25. Bd6 g6 26. Rcg1 Kg7 27. h4 g4 28. h5 Bf5 29. hxg6 fxg6 30. Bxf5 gxf5 31. Rxg4+ Kf7 32. Rh7+ Ke6 33.
e4 Rh8 34. exf5+ Kxf5 35. Qd3+ Kxg4 36. Qh3# 1-0

[Event "Masters Tournament (MTO)"]
[Site "Biel, Switzerland"]
[Date "2026.07.23"]
[Round "10.21"]
[White "Monteverde, Jonathan"]
[Black "Fogo Esquivel, Levi Kalani Alexander"]
[Result "1/2-1/2"]
[TimeControl "100+30+30sec/move"]
[WhiteTitle "-"]
[BlackTitle "-"]
[WhiteFideId "1314580"]
[BlackFideId "5183189"]
[WhiteElo "2098"]
[BlackElo "2125"]

1. d4 Nf6 2. c4 e6 3. Nc3 Bb4 4.
Qc2 O-O 5. Nf3 c5 6. dxc5 Na6 7. g3 Nxc5 8. Bg2 Nce4 9. O-O Nxc3 10. bxc3 Be7 11. e4 d6 12. e5 dxe5 13. Nxe5 Qc7 14.
Re1 Bd6 15. Qe2 Nd7 16. Bf4 Nxe5 17. Bxe5 Bxe5 18. Qxe5 Qxc4 19. Re4 Qd5 20. Qxd5 exd5 21. Rd4 Be6 22. Bxd5 Bxd5 23. Rxd5 Rac8 24. Rd7 Rxc3 25. Rxb7 Ra3 1/2-1/2

[Event "Masters Tournament (MTO)"]
[Site "Biel, Switzerland"]
[Date "2026.07.23"]
[Round "10.22"]
[White "Xu, Chang(Cq)"]
[Black "Aryan, Mehta"]
[Result "0-1"]
[TimeControl "100+30+30sec/move"]
[WhiteTitle "-"]
[BlackTitle "-"]
[WhiteFideId "8641757"]
[BlackFideId "33329664"]
[WhiteElo "2125"]
[BlackElo "1979"]

1. e4 c5 2. Nf3 d6 3. d4 cxd4 4. Nxd4 Nf6 5. Nc3 a6 6. Bg5 Nbd7 7. Qe2 h6 8. Bh4 g6 9. f4 e5 10.
fxe5 dxe5 11. O-O-O Qc7 12. Nb3 b5 13. Qf3 Be7 14. a3 Bb7 15. Bd3 O-O 16. Kb1 Rab8 17. Rhf1 Ba8 18. Qh3 b4 19.
axb4 Rxb4 20. Be2 Bc6 21. Qe3 Kg7 22. g4 a5 23. g5 hxg5 24. Bxg5 Rfb8 25. Qh3 a4 26. Rd3 Rh8 27. Qf3 axb3 28.
Rxd7 bxc2+ 29. Kc1 Qxd7 30. Bxf6+ Bxf6 31. Qxf6+ Kh7 32. Qxe5 Rd8 33. Qf4 Kg8 34. Kxc2 Qb7 35. Kc1 Bxe4 36.
Ba6 Qxa6 37. Qxf7+ Kh8 38. Qf6+ Qxf6 39. Rxf6 Ra8 0-1

[Event "Masters Tournament (MTO)"]
[Site "Biel, Switzerland"]
[Date "2026.07.23"]
[Round "10.23"]
[White "Kwiatkowski, Jakub"]
[Black "Yang, Sung-Jui"]
[Result "1/2-1/2"]
[TimeControl "100+30+30sec/move"]
[WhiteTitle "-"]
[BlackTitle "-"]
[WhiteFideId "1348736"]
[BlackFideId "16301048"]
[WhiteElo "2107"]
[BlackElo "1935"]

1. e4 c5 2. Nf3 d6 3. c3 Nf6 4. h3 Nc6 5. Bd3 g6 6. O-O Bg7 7. Bc2 O-O 8. Re1 Qc7 9. d4 cxd4 10.
cxd4 e5 11. Nc3 a6 12. Be3 exd4 13. Nxd4 Ne5 14. Bb3 Nc4 15. Bg5 Nxb2 16. Qc2 Nd7 17. Be3 Nc4 18. Nd5 Nxe3 19. Qxc7 Nxd5 20.
Bxd5 Bxd4 21. Rad1 Bc5 22. Qa5 Ne5 23. Re2 Rb8 24. Kh1 b6 25. Qc3 Bb7 26. f4 Nc6 27. e5 dxe5 28. fxe5 Nd8 29.
Bxb7 Rxb7 30. Qf3 Re7 31. Red2 Ne6 32. Rd7 Rfe8 33. Qc6 a5 34. Rxe7 Rxe7 35. Rd7 Rxd7 36. Qxd7 h5 37. g3 Kg7 38.
Kg2 Bd4 39. Qd6 Bc5 40. Qc6 Be3 41. h4 Bc5 42. Qe4 Kf8 43. Kf1 Bd4 44. Ke1 Kg7 45. Kd1 Bf2 46. Qf3 Bd4 47. Qf6+ Kf8 48.
Ke2 Bc5 49. Kf1 Bd4 50. Kg2 Bc5 51. Kh3 Bd4 52. g4 hxg4+ 53. Kxg4 Ke8 54. h5 gxh5+ 55. Kxh5 Be3 56. a4 Nf4+ 57.
Kg4 Ne6 58. Kf3 Bd4 59. Ke4 Bc5 60. Kd5 Nc7+ 61. Kc6 Ne6 62. Kb7 Nd8+ 63. Kc8 Ne6 64. Qh8 1/2-1/2

[Event "Masters Tournament (MTO)"]
[Site "Biel, Switzerland"]
[Date "2026.07.23"]
[Round "10.24"]
[White "Schmidt, Florian Pascal"]
[Black "Ragavan, Samarth Rajesh"]
[Result "1/2-1/2"]
[TimeControl "100+30+30sec/move"]
[WhiteTitle "-"]
[BlackTitle "-"]
[WhiteFideId "16256840"]
[BlackFideId "39918106"]
[WhiteElo "2095"]
[BlackElo "2106"]

1. e4 c5 2. Nf3 e6 3. d4 cxd4 4. Nxd4 Nc6 5. Nc3 Qc7 6. g3 Nf6 7. Ndb5 Qb8 8. Bf4 e5 9. Bg5 a6 10.
Bxf6 gxf6 11. Na3 Bxa3 12. bxa3 Ne7 13. Nd5 Nxd5 14. Qxd5 Qc7 15. Qd2 d6 16. Rd1 Bg4 17. Be2 Bxe2 18. Kxe2 Qc4+ 19. Qd3 Rc8 20. Kf3 Ra8 1/2-1/2